 Dungeon Crawl Stone Soup version 0.26.1-11-gd32895ea62 (webtiles) character file.

Game seed: 15412506543205733254

35 Descartes the Magician (level 3, -5/19 HPs)
             Began as a Deep Elf Hedge Wizard on June 14, 2021.
             Slain by a worm (11 damage)
             ... on level 2 of the Dungeon.
             The game lasted 00:03:56 (1557 turns).

Descartes the Magician (Deep Elf Hedge Wizard)      Turns: 1557, Time: 00:03:57

Health: -5/19      AC: 10    Str:  8    XL:     3   Next: 16%
Magic:  4/10       EV:  9    Int: 18    God:
Gold:   55         SH:  9    Dex: 14    Spells: 9/10 levels left

rFire    . . .     SeeInvis .   i - +2 dagger (protect)
rCold    . . .     Faith    .   e - +2 kite shield
rNeg     . . .     Spirit   .   p - +0 leather armour
rPois    .         Reflect  .   c - +0 hat
rElec    .         Harm     .   (no cloak)
rCorr    .         Rampage  .   (no gloves)
Will     .....                  (no boots)
Stlth    ++........             (no amulet)
HPRegen  0.06/turn              (no ring)
MPRegen  0.12/turn              (no ring)

@: protection aura, very slightly contaminated
A: no striking features
a: no special abilities


You were on level 2 of the Dungeon.
You visited 1 branch of the dungeon, and saw 2 of its levels.

You collected 55 gold pieces.

Inventory:

Hand Weapons
 i - a +2 dagger of protection (weapon)
Missiles
 j - 20 stones
 m - 12 arrows
 r - 4 boomerangs
Armour
 b - a +0 robe
 c - a +0 hat (worn)
 e - a +2 kite shield (worn)
 p - a +0 leather armour (worn)
Scrolls
 a - 3 scrolls of enchant weapon {unknown}
 d - 6 scrolls of identify {unknown}
 f - a scroll of fog {unknown}
 k - a scroll of amnesia {unknown}
 n - a scroll of remove curse {unknown}
 o - a scroll of blinking {unknown}
 q - a scroll of fear {unknown}
Potions
 g - a potion of curing {unknown}
 h - a potion of resistance {unknown}
 l - a potion of lignification {unknown}


   Skills:
 - Level 2.4 Dodging
 - Level 2.4 Stealth
 * Level 1.6 Shields
 - Level 4.4 Spellcasting
 + Level 2.3 Conjurations
 - Level 1.1 Summonings
 - Level 1.1 Translocations


You had 9 spell levels left.
You knew the following spells:

 Your Spells              Type           Power        Failure   Level
a - Magic Dart            Conj           48%          41%         1

Your spell library contained the following spells:

 Spells                   Type           Power        Failure   Level
 Blink                    Tloc           N/A          73%         2
 Call Imp                 Summ           7%           73%         2
 Slow                     Hex            3%           86%         2
 Conjure Flame            Conj/Fire      8%           91%         3
 Mephitic Cloud           Conj/Pois/Air  6%           94%         3


Dungeon Overview and Level Annotations

Branches:
Dungeon (2/15)

Altars:
Nemelex Xobeh
Vehumet


Message History

You block the worm's attack.
You barely miss the worm.
The worm is lightly wounded.
The worm closely misses you.
You hit the worm but do no damage. The worm barely misses you.
You hit the worm.
The worm is lightly wounded.
You hit the worm.
The worm is moderately wounded.
The worm bites you.
You barely miss the worm.
The worm is moderately wounded.
You hit the worm.
The worm is moderately wounded.
The worm bites you.
You hit the worm.
The worm is moderately wounded.
The worm bites you!
Ouch! That really hurt!
You die...

.....# ##...####.w.####....)#
...#####...##).w.?...$##.#..#
#..# ##..#..####...#w##..#..#
...###..###..#.##.##w#..#####
........# #.....# #....##
........# #....## ##.###
........# ####..###..#
######### #...#.รท.#
###@ww..# ###...# #...# #...#
#...# #...# #####


You could see a worm and a dart slug.

Vanquished Creatures
  A dart slug (D:1)
  2 leopard geckos
  5 bats
  4 giant cockroaches
  4 goblins
  3 hobgoblins (D:1)
  A quokka (D:2)
  3 kobolds
  6 rats
29 creatures vanquished.

Notes
Turn   | Place    | Note
-------+----------+-------------------------------------------
     0 | D:1      | Descartes the Deep Elf Hedge Wizard began the quest for the
                  | Orb.
     0 | D:1      | Reached XP level 1. HP: 10/10 MP: 7/7
   284 | D:1      | Reached XP level 2. HP: 15/15 MP: 0/9
   562 | D:1      | Reached skill level 1 in Shields
  1190 | D:2      | Reached XP level 3. HP: 19/19 MP: 7/10
  1285 | D:2      | Found a sparkling altar of Nemelex Xobeh.
  1477 | D:2      | Found a radiant altar of Vehumet.
  1557 | D:2      | Slain by a worm

Illustrated notes

Levels and vault maps discovered:
D:1:      dpeg_arrival_ratfight, layout_rooms, skrybe_limestone_x,
          minmay_misc_feat_alley, minmay_misc_feat_diagonals,
          minmay_stone_trees_small
D:2:      layout_rooms, lemuel_crystal_altar, marbit_many_paths,
          general_overflow_altar, minmay_fractal_squares_gapless_5

Skill      XL: |  1  2 |
---------------+-------+-----
Conjurations   | 2 |  2.3
Shields        | 1 |  1.6
Dodging        | |  2.4
Stealth        | |  2.4
Spellcasting   | |  4.4
Summonings     | |  1.1
Translocations | |  1.1

Action                   || total
-------------------------++-------
Melee: Dagger            ||    45
 Cast: Magic Dart        ||    47
Armor: Robe              ||     8
       Leather armour    ||     3
Dodge: Dodged            ||    23
Block: Kite shield       ||    22
